 Dungeon Crawl Stone Soup version 0.30-a0-568-g124715a40b (webtiles) character file.

Game seed: 3855629669803561125

51 cforsyth the Conjurer (level 3, -5/26 HPs)
             Began as a Draconian Conjurer on Dec 29, 2022.
             Slain by an ice beast (14 damage)
             ... on level 3 of the Dungeon.
             The game lasted 00:02:48 (2963 turns).

cforsyth the Conjurer (Draconian Conjurer)          Turns: 2963, Time: 00:02:49

Health: -5/26      AC:  7    Str:  8    XL:     3   Next: 57%
Magic:  4/7        EV: 11    Int: 24    God:
Gold:   113        SH:  0    Dex:  8    Spells: 7/8 levels left

rFire   . . .      SeeInvis .    (no weapon)
rCold   . . .      Faith    .    (no shield)
rNeg    . . .      Spirit   .    (body armour unavailable)
rPois   +          Reflect  .    (helmet restricted)
rElec   .          Harm     .    b - +0 cloak
rCorr   .          Rampage  .    i - +0 pair of gloves
Will    .....                    (no boots)
Stlth   +                        (no amulet)
HPRegen 0.24/turn                (no ring)
MPRegen 0.10/turn                (no ring)

@: slowed, very slow
A: AC +5, unfitting armour, cold-blooded, clever 1, poison resistance
a: no special abilities


You were on level 3 of the Dungeon.
You visited 1 branch of the dungeon, and saw 3 of its levels.

You collected 113 gold pieces.

Inventory:

Armour
 b - a +0 cloak (worn)
 i - a +0 pair of gloves (worn)
Jewellery
 h - a ring of flight
Scrolls
 c - 4 scrolls of identify {unknown}
 f - a scroll of fog {unknown}
 g - 2 scrolls of teleportation {unknown}
Potions
 a - a potion of magic
 d - a potion of curing {unknown}
 e - a potion of mutation


   Skills:
 - Level 1.7 Dodging
 - Level 1.7 Stealth
 + Level 3.0 Spellcasting
 + Level 4.7 Conjurations


You had 7 spell levels left.
You knew the following spells:

 Your Spells              Type           Power      Damage    Failure   Level
a - Magic Dart            Conj           100%       1d8       1%          1

Your spell library contained the following spells:

 Spells                   Type           Power      Damage    Failure   Level
 Searing Ray              Conj           52%        2d6       2%          2
 Slow                     Hex            12%        N/A       11%         1
 Sting                    Tmut/Pois      12%        1d3       11%         1
 Dazzling Flash           Conj/Hex       28%        N/A       12%         3
 Poisonous Vapours        Pois/Air       6%         N/A       16%         2
 Confusing Touch          Hex            3%         N/A       32%         3
 Ignite Poison            Fire/Tmut/Pois 3%         N/A       32%         3
 Kindle Blastsparks       Fire/Tloc/Air  6%         2d10      32%         3
 Vampiric Draining        Necr           3%         2d6       32%         3
 Fulminant Prism          Conj/Hex       7%         3d7       38%         4
 Iskenderun's Mystic Bla  Conj/Tloc      14%        2d5       38%         4
 Olgreb's Toxic Radiance  Pois           3%         N/A       71%         4
 Freezing Cloud           Conj/Ice/Air   5%         6-21      85%         5
 Agony                    Necr           3%         N/A       96%         5
 Silence                  Hex/Air        1%         N/A       96%         5
 Borgnjor's Revivificati  Necr           1%         N/A       100%        8
 Necromutation            Tmut/Necr      1%         N/A       100%        8
 Death's Door             Necr           1%         N/A       100%        9


Dungeon Overview and Level Annotations

Branches:
Dungeon (3/15)

Altars:


Innate Abilities, Weirdness & Mutations

Your plain brown scales are hard. (AC +5)
You cannot fit into any form of body armour.
You are cold-blooded and may be slowed by cold attacks.
Your mind is acute. (Int +4, Str/Dex -1)
Your system is resistant to poisons. (rPois)


Message History

You can't see any susceptible monsters within range! (Use Z to cast anyway.)
You can't see any susceptible monsters within range! (Use Z to cast anyway.)
You can't see any susceptible monsters within range! (Use Z to cast anyway.)
You can't see any susceptible monsters within range! (Use Z to cast anyway.)
You can't see any susceptible monsters within range! (Use Z to cast anyway.)
You can't see any susceptible monsters within range! (Use Z to cast anyway.)
You can't see any susceptible monsters within range! (Use Z to cast anyway.)
A rat comes into view.
A rat is nearby!
A rat is nearby!
A rat is nearby!
The magic dart hits the rat.
The rat is heavily wounded.
The magic dart hits the rat.
You kill the rat!
You can't see any susceptible monsters within range! (Use Z to cast anyway.)
An ice beast comes into view.
The ice beast hits you but does no damage.
An ice beast is nearby!
An ice beast is nearby!
An ice beast is nearby!
The magic dart hits the ice beast.
The ice beast is lightly wounded.
The ice beast barely misses you.
The magic dart hits the ice beast.
The ice beast is moderately wounded.
The ice beast barely misses you.
The magic dart hits the ice beast but does no damage.
The ice beast is moderately wounded.
The ice beast hits you. The ice beast freezes you!
You feel yourself slow down.
You are too injured to fight recklessly!
You are too injured to fight recklessly!
You are too injured to fight recklessly!
You are too injured to fight recklessly!
You aren't carrying any items that you can evoke.
It was a potion of mutation.
You feel extremely strange.
You feel resistant to poisons.
You feel clever. The ice beast hits you. The ice beast freezes you!
Ouch! That really hurt!
You die...

## ##.......# #..#
#.# .####........##
#..#######..
....+........#..
#..#.......
.####........#..
##...####.. .#
##.......#..#
##..### #.# .#
##.....###..##
##..## #.. .#
##...###.#..###..#.#
### .# ##'##
#Y#..#..#.## .# #.#
#@#...#.#.# .# #.#
########### .# ##.##
#.# ### ##...## #.#
#.#####.....# #.#
.#..........# #.#
###.#####.#.#####.#
.#.## #.#.......#
#.## #.#########


You could see an ice beast.

Vanquished Creatures
  A dart slug (D:1)
  3 orcs (D:3)
  5 endoplasms
  3 giant cockroaches
  3 goblins
  4 hobgoblins
  3 quokkas
  6 ball pythons
  3 bats
  2 frilled lizards (D:3)
  4 kobolds
  3 rats
40 creatures vanquished.

Notes
Turn   | Place    | Note
-------+----------+-------------------------------------------
     0 | D:1      | cforsyth the Draconian Conjurer began the quest for the
                  | Orb.
     0 | D:1      | Reached XP level 1. HP: 14/14 MP: 3/3
   312 | D:1      | Reached XP level 2. HP: 20/20 MP: 0/5
  1306 | D:1      | Found a faded altar of an unknown god.
  1549 | D:2      | Reached XP level 3. HP: 26/26 MP: 2/7
  2959 | D:3      | Noticed an ice beast
  2963 | D:3      | Gained mutation: Your system is resistant to poisons.
                  | (rPois) [potion of mutation]
  2963 | D:3      | Gained mutation: Your mind is acute. (Int +4, Str/Dex -1)
                  | [potion of mutation]
  2963 | D:3      | Slain by an ice beast

Illustrated notes

Levels and vault maps discovered:
D:1:      heliophobic_arrival_battle_scene, layout_loops_ring,
          chequers_ecumenical_altar_grove, chequers_serial_rivers_micro_e,
          kennysheep_crisscross, chequers_serial_rivers_large_b,
          minmay_pentomino_s4
D:2:      layout_basic
D:3:      minmay_diamond_boxcup, layout_loops_corners, serial_shops, shop,
          dreamdust_princess_corridor, hangedman_decor_growths

Skill      XL: |  1  2  3 |
---------------+----------+-----
Spellcasting   | 3 |  3.0
Dodging        | |  1.7
Stealth        | |  1.7
Conjurations   | |  4.7

Action                   || total
-------------------------++-------
Melee: Unarmed           ||    23
       Tailslap          ||     3
 Cast: Magic Dart        ||    86
  Use: Potion            ||     1
Armor: Skin              ||    16
Dodge: Dodged            ||    25

Table legend: (Time is in decaauts)
 A = Elapsed time spent in this place.
 B = Non-inter-level travel time spent in this place.
 C = Inter-level travel time spent in this place.
 D = Time resting spent in this place.
 E = Time spent auto-exploring this place.
 F = Levels seen in this place.
 G = Mean time per level.
                   A        B        C        D        E       F      G
               +--------+--------+--------+--------+--------+-----+--------+
         Total |   2989 |   2901 |     88 |      0 |   2645 |   3 |  996.3 |
       Dungeon |   2989 |   2901 |     88 |      0 |   2645 |   3 |  996.3 |
               +--------+--------+--------+--------+--------+-----+--------+

Top non-repeatable levels by time:
     D:1: 1419 daAuts
     D:3: 808 daAuts
     D:2: 760 daAuts
